 Dungeon Crawl Stone Soup version 0.31-a0-662-g684573625c (webtiles) character file.

Game seed: 5769783854514671751

1823 Shayle the Trooper (level 9, 0/92 HPs)
             Began as an Ogre Shapeshifter on Sept 1, 2023.
             Was an Initiate of Makhleb.
             Engulfed by a steam dragon's steam (11 damage)
             ... on level 6 of the Dungeon.
             The game lasted 00:17:04 (6409 turns).

Shayle the Trooper (Ogre Shapeshifter)              Turns: 6409, Time: 00:17:04

Health: 0/92       AC:  5    Str: 20    XL:     9   Next: 10%
Magic:  9/9        EV: 10    Int: 15    God:    Makhleb [......]
Gold:   367        SH:  0    Dex:  8    Spells: 8/8 levels left

rFire   . . .        o - +3 dire flail (protect)
rCold   . . .        (shield currently unavailable)
rNeg    . . .        n - +2 animal skin
rPois   .            (helmet currently unavailable)
rElec   .            (cloak currently unavailable)
rCorr   +            (gloves unavailable)
SInv    .            (boots unavailable)
Will    .....        j - amulet of faith
Stlth   +            A - ring of resist corrosion
HPRegen 0.35/turn    (no ring)
MPRegen 0.11/turn

%: faith
@: beast-form
A: beast (slay +3), large, unfitting armour, tough skin 1
a: Begin Untransformation, Renounce Religion


You were on level 6 of the Dungeon.
You worshipped Makhleb.
Makhleb was noncommittal.
You were a hulking beast.
You visited 2 branches of the dungeon, and saw 7 of its levels.

You collected 367 gold pieces.

Inventory:

Hand Weapons
 o - a +3 dire flail of protection (weapon)
Armour
 a - a +0 cloak
 n - a +2 animal skin (worn)
Jewellery
 g - a ring of ice
 j - an amulet of faith (around neck)
 A - a ring of resist corrosion (left hand)
Talismans
 c - a beast talisman (active)
 d - a flux talisman
 t - a serpent talisman
Wands
 x - a wand of flame (30)
Scrolls
 e - 5 scrolls of revelation
 f - 3 scrolls of enchant weapon
 l - a scroll of vulnerability
 m - 2 scrolls of identify
 r - a scroll of fog
 u - a scroll of noise
 v - a scroll of amnesia
 y - a scroll of teleportation
Potions
 b - 2 potions of lignification
 h - 2 potions of curing
 i - 4 potions of heal wounds
 k - a potion of might {unknown}
 p - a potion of resistance {unknown}
 q - a potion of enlightenment {unknown}
 s - a potion of invisibility {unknown}
 w - 2 potions of haste {unknown}
 z - 2 potions of ambrosia {unknown}


   Skills:
 - Level 6.8 Fighting
 - Level 5.0 Dodging
 + Level 6.3 Unarmed Combat
 + Level 0.0 Invocations
 + Level 6.4 Shapeshifting


You had 8 spell levels left.
You didn't know any spells.
Your spell library contained the following spells:

 Spells                   Type           Power      Damage    Failure   Level
 Blink                    Tloc           0%         N/A       38%         2
 Lesser Beckoning         Tloc           0%         N/A       38%         2
 Momentum Strike          Conj/Tloc      0%         3d8       38%         2
 Dazzling Flash           Conj/Hex       0%         N/A       63%         3
 Ignite Poison            Fire/Tmut/Pois 0%         N/A       63%         3
 Ozocubu's Armour         Ice            0%         N/A       63%         3
 Sticky Flame             Conj/Fire      0%         2d3       95%         4
 Vhi's Electric Charge    Tloc/Air       0%         N/A       95%         4
 Agony                    Necr           0%         N/A       100%        5
 Arcjolt                  Conj/Air       0%         1d10      100%        5
 Silence                  Hex/Air        0%         N/A       100%        5
 Ozocubu's Refrigeration  Ice            0%         4d7       100%        7
 Ignition                 Fire           0%         3d3       100%        8
 Maxwell's Capacitive Co  Air            0%         ∞         100%        8


Dungeon Overview and Level Annotations

Branches:
Dungeon (6/15)             Temple (1/1) D:6

Altars:
Ashenzari
Cheibriados
Dithmenos
Elyvilon
Fedhas
Gozag
Hepliaklqana
Kikubaaqudgha
Makhleb
Nemelex Xobeh
Okawaru
Qazlal
Ru
Sif Muna
Trog
Uskayaw
Vehumet
Wu Jian
Xom
Yredelemnul
Zin
The Shining One

Shops:
D:3 :(   D:5 [

Annotations:
D:2 Natasha
D:3 1 runed translucent door, Crazy Yiuf


Innate Abilities, Weirdness & Mutations

You are a hulking beast.
Your limbs bulge with bestial killing power. (Slay +3)
You are too large for most types of armour.
You have tough skin. (AC +1)


Message History

You start putting on your amulet.
You continue putting on your amulet of faith. x5
You finish putting on your amulet of faith.
You feel a surge of divine interest.
j - an amulet of faith (around neck) Unknown command.
Press < or > to pray at altars.
Done exploring.
There is a staircase back to the Dungeon here.
You climb upwards.
Welcome back to the Dungeon!
There is a staircase to the Ecumenical Temple here.
You see here a +0 hand axe.
There is a fountain of clear blue water here.
There is a stone staircase leading down here.
There is a stone staircase leading down here.
You now have 358 gold pieces (gained 10).
You now have 367 gold pieces (gained 9).
m - 2 scrolls of identify (gained 1)
A steam dragon comes into view.
A hound comes into view.
Found 12 gold pieces.
The hound barks!
The steam dragon bites you! The steam dragon barely misses you.
You barely miss the steam dragon. The steam dragon breathes steam at you.
The ball of steam hits you!!
You barely miss the steam dragon.
You are engulfed in a cloud of scalding steam.
The steam dragon bites you!
The steam dragon claws you but does no damage.
The steam dragon closely misses you. The steam dragon claws you.
You barely miss the steam dragon.
You are engulfed in a cloud of scalding steam.
* * * LOW HITPOINT WARNING * * *
The steam dragon breathes steam at you. The ball of steam hits you!
* * * LOW HITPOINT WARNING * * *
You closely miss the steam dragon.
You are engulfed in a cloud of scalding steam.
You die...

........#
........... ...
...........##. .$.
............. #.#
. .........# #.#
.....)..# #.# #
#.....# #h#
######.....# #D#
...........#####h#
...............#§#
...######...####§#
_...## ##...# #.#
8....# ##..# #.#
_..#.### #..###.#
...#...# ##..#..#
######.#####..#.##
...###...#......#


You could see a steam dragon (catching breath) and a hound.

Vanquished Creatures
  Sigmund (D:2)
  Eustachio (D:6)
  Edmund (D:5)
  An ice beast (D:5)
  2 ogres
  2 phantoms
  2 bullfrogs
  2 scorpions (D:5)
  A gnoll sergeant (D:6)
  3 wights (D:6)
  2 jellies
  2 orc priests
  3 hounds
  Jessica (D:2)
  2 iguanas
  An orc wizard (D:6)
  A sleepcap (D:6)
  Robin (D:1)
  4 gnolls
  7 adders
  2 white imps
  2 worms (D:3)
  A dart slug (D:3)
  7 orcs
  5 ball pythons
  6 endoplasms
  4 giant cockroaches
  13 hobgoblins
  2 quokkas
  9 bats
  A frilled lizard (D:1)
  14 goblins
  8 kobolds
  5 rats
119 creatures vanquished.

Notes
Turn   | Place    | Note
-------+----------+-------------------------------------------
     0 | D:1      | Shayle the Ogre Shapeshifter began the quest for the Orb.
     0 | D:1      | Reached XP level 1. HP: 19/19 MP: 1/1
   161 | D:1      | Reached XP level 2. HP: 28/28 MP: 2/2
   492 | D:1      | Reached XP level 3. HP: 35/35 MP: 3/3
   914 | D:2      | Noticed Jessica
   924 | D:2      | Killed Jessica
   925 | D:2      | Reached XP level 4. HP: 27/44 MP: 4/4
  1022 | D:2      | Noticed Robin
  1039 | D:1      | Killed Robin
  1477 | D:2      | Noticed Natasha
  1477 | D:2      | Noticed Sigmund
  2070 | D:2      | Killed Sigmund
  2071 | D:2      | Reached XP level 5. HP: 51/54 MP: 5/5
  2071 | D:2      | Reached XP level 6. HP: 59/62 MP: 6/6
  2296 | D:3      | Found Sievvics's Weapon Shoppe.
  2484 | D:3      | Found a sparkling altar of Nemelex Xobeh.
  2708 | D:3      | Found Lekyliu's Vocational Training.
  2842 | D:3      | Found a runed translucent door.
  2843 | D:3      | Noticed Crazy Yiuf
  3671 | D:5      | Entered Level 5 of the Dungeon
  3671 | D:5      | Noticed Edmund
  3694 | D:5      | Killed Edmund
  3695 | D:5      | Reached XP level 7. HP: 10/71 MP: 7/7
  3965 | D:5      | Reached skill level 5 in Fighting
  4091 | D:5      | Found Hostrer's Antique Armour Emporium.
  4136 | D:5      | Found the +0 pair of fencer's gloves {Riposte Dex+3}
  4645 | D:5      | Reached skill level 5 in Shapeshifting
  4645 | D:5      | Reached XP level 8. HP: 72/83 MP: 8/8
  5218 | D:5      | Found an iron altar of Okawaru.
  5226 | D:5      | Found a radiant altar of Vehumet.
  5310 | D:6      | Reached skill level 5 in Unarmed Combat
  5353 | D:6      | Found a blossoming altar of Fedhas.
  5353 | D:6      | Found a glowing golden altar of the Shining One.
  5581 | D:6      | Reached skill level 5 in Dodging
  5989 | D:6      | Reached XP level 9. HP: 62/87 MP: 9/9
  6069 | D:6      | Noticed Eustachio
  6105 | D:6      | Killed Eustachio
  6284 | D:6      | Found a staircase to the Ecumenical Temple.
  6297 | Temple   | Entered the Ecumenical Temple
  6306 | Temple   | Became a worshipper of Makhleb the Destroyer
  6409 | D:6      | Engulfed by a steam dragon's steam

Illustrated notes

Levels and vault maps discovered:
D:1:      minmay_arrival_three_doors, layout_rooms, serial_bayou,
          serial_bayou_shore_b, serial_bayou_crossing, serial_bayou_lagoon_a,
          serial_bayou_shore_a, minmay_gold_behind_fungi
D:2:      layout_basic, uniq_natasha, uniq_jessica, uniq_sigmund, uniq_robin
D:3:      layout_loops_cross, nemelex_diamond_rough_becter, serial_shops, shop,
          nicolae_shop_vocational, uniq_crazy_yiuf_cottage
D:4:      layout_basic, hangedman_decor_push, amcnicky_mini_rare_corridor_liquid
D:5:      layout_basic, minitemple, serial_shops, nicolae_take_the_stairs,
          hangedman_abyss_or_decor_jellyfish_corner, uniq_edmund
D:6:      layout_rooms, chequers_temple_overflow_statue_of_worship,
          minmay_temple_entry_drinking_statues, kennysheep_crisscross,
          uniq_eustachio
Temple:   nicolae_temple_bog_church

Skill      XL: |  1  2  3  4  5  6  7  8 |
---------------+-------------------------+-----
Dodging        | 2 3 4 5 |  5.0
Fighting       | 2 4 5 6 |  6.8
Unarmed Combat | 3 4 6 |  6.3
Shapeshifting  | 4 5 6 |  6.4

Action                     |  1- 3 |  4- 6 |  7- 9 || total
---------------------------+-------+-------+-------++-------
  Melee: Unarmed           |    91 |   159 |       ||   250
         Punch             |       |     3 |       ||     3
         Dire flail        |       |       |   158 ||   158
  Evoke: Wand              |       |     8 |       ||     8
    Use: Scroll            |       |     5 |     5 ||    10
         Potion            |       |     2 |       ||     2
 Armour: Animal skin       |    61 |   107 |   149 ||   317
         Skin              |       |     6 |       ||     6
  Dodge: Dodged            |    36 |    70 |    99 ||   205

Table legend: (Time is in decaauts)
 A = Elapsed time spent in this place.
 B = Non-inter-level travel time spent in this place.
 C = Inter-level travel time spent in this place.
 D = Time resting spent in this place.
 E = Time spent auto-exploring this place.
 F = Levels seen in this place.
 G = Mean time per level.
                   A        B        C        D        E       F      G
               +--------+--------+--------+--------+--------+-----+--------+
         Total |   6443 |   6085 |    358 |   1024 |   3603 |   7 |  920.4 |
       Dungeon |   6420 |   6071 |    349 |   1024 |   3603 |   6 | 1070.0 |
        Temple |     23 |     14 |      9 |      0 |      0 |   1 |   23.0 |
               +--------+--------+--------+--------+--------+-----+--------+

Top non-repeatable levels by time:
     D:5: 1406 daAuts
     D:2: 1193 daAuts
     D:4: 1124 daAuts
     D:6: 974 daAuts
     D:1: 941 daAuts
     D:3: 781 daAuts
  Temple: 23 daAuts
